 Dungeon Crawl Stone Soup version 0.24-a0-365-ga4d96b6e6e (webtiles) character file.

Game seed: 4749300950265046473

22388 vurker the Severer (level 13, -5/122 HPs)
             Began as a Hill Orc Fighter on May 27, 2019.
             Was an Elder of Yredelemnul.
             Engulfed by a cloud of flame (14 damage)
             ... in a volcano.
             The game lasted 00:44:04 (15196 turns).

vurker the Severer (Hill Orc Fighter)              Turns: 15196, Time: 00:44:04

Health: -5/122     AC: 18    Str: 29    XL:     13   Next: 0%
Magic:  20/20      EV: 20    Int: 11    God:    Yredelemnul [****..]
Gold:   887        SH: 11    Dex: 10    Spells: 12/12 levels left

rFire    . . .     SeeInvis .   a - +1 war axe
rCold    . . .     Gourm    .   c - +0 shield
rNeg     . . .     Faith    .   h - +1 plate armour
rPois    +         Spirit   .   s - +2 helmet
rElec    .         Reflect  .   D - scarf {repulsion}
rCorr    .         Harm     .   r - +0 pair of gloves
MR       .....                  (no boots)
Stlth    ..........             E - amulet of the acrobat
HPRegen  0.30/turn              f - +3 ring of intelligence
MPRegen  0.17/turn              t - ring of poison resistance

@: mighty, marked, acrobat, repel missiles
A: no striking features
a: Recall Undead Slaves, Injury Mirror, Animate Dead, Drain Life, Renounce
Religion


You were in a volcano.
You worshipped Yredelemnul.
Yredelemnul was greatly pleased with you.
You were not hungry.

You visited 3 branches of the dungeon, and saw 14 of its levels.
You also visited: Bailey and Volcano.

You collected 887 gold pieces.

Inventory:

Hand Weapons
 a - a +1 war axe (weapon)
Armour
 c - a +0 shield (worn)
 h - a +1 plate armour (worn)
   (You found it on level 1 of the Dungeon)
 r - a +0 pair of gloves (worn)
   (You found it on level 3 of the Dungeon)
 s - a +2 helmet (worn)
   (You found it on level 7 of the Dungeon)
 D - a scarf of repulsion (worn)
   (You found it on level 9 of the Dungeon)
Jewellery
 f - a +3 ring of intelligence (left hand)
   (You found it on level 1 of the Dungeon)
 t - a ring of poison resistance (right hand)
   (You found it on level 4 of the Dungeon)
 E - an amulet of the acrobat (around neck)
   (You found it on level 11 of the Dungeon)
Wands
 i - a wand of scattershot (3)
   (You found it on level 5 of the Dungeon)
 u - a wand of polymorph (2)
   (You found it on level 8 of the Dungeon)
 x - a wand of acid (11)
   (You found it on level 8 of the Dungeon)
Scrolls
 d - a scroll of enchant armour
 j - a scroll of noise {unknown}
 k - 8 scrolls of remove curse {@r2}
 m - 5 scrolls of enchant weapon
 n - a scroll of identify {@r1}
 y - 3 scrolls of teleportation {@r4}
Potions
 b - 4 potions of heal wounds {@q2}
 g - 4 potions of agility
 l - 5 potions of invisibility
 o - 2 potions of brilliance
 q - 3 potions of flight
 v - 5 potions of curing {@q1}
 w - 2 potions of magic
 z - 2 potions of mutation {!q}
 A - 2 potions of haste {@q3}
 B - 2 potions of might
 F - 2 potions of lignification {!q}
Comestibles
 e - 25 rations {!d}


   Skills:
 + Level 13.5 Fighting
 - Level 18.0 Axes
 + Level 6.9 Armour
 + Level 5.7 Shields
 + Level 10.1 Invocations


You had 12 spell levels left.
You didn't know any spells.
Your spell library contained the following spells:

 Spells                   Type           Power        Failure   Level  Hunger
 Apportation              Tloc           #.....       100%        1    ##.....
 Summon Butterflies       Summ           #.......     100%        1    ##.....
 Lesser Beckoning         Tloc           #.........   100%        3    ####...
 Tukima's Dance           Hex            #.......     100%        3    ####...
 Alistair's Intoxication  Tmut/Pois      #.......     100%        5    ######.
 Invisibility             Hex            #.......     100%        6    #######


Dungeon Overview and Level Annotations

Branches:
Dungeon (11/15)            Temple (1/1) D:6            Lair (2/6) D:11
    Orc (0/2) D:11
  Swamp: Lair:2-4    Shoals: Lair:2-4     Snake: Lair:2-4    Spider: Lair:2-4

Altars:
Ashenzari
Cheibriados
Dithmenos
Elyvilon
Fedhas
Gozag
Hepliaklqana
Kikubaaqudgha
Makhleb
Nemelex Xobeh
Okawaru
Qazlal
Ru
Sif Muna
Trog
Uskayaw
Vehumet
Wu Jian
Xom
Yredelemnul
Zin
The Shining One
Beogh

Shops:
D:4 (

Annotations:
D:7 2 transporters, Raffles's ghost, novice TrEE
D:9 3 runed translucent doors, Hylith's ghost, journeyman TrFi


Message History

You slash the salamander! You barely miss the salamander.
You completely miss the salamander.
The salamander hits you with a +0 trident.
You are engulfed in flames!
The salamander hits you but does no damage.
You slice the salamander!!
Your shield and plate armour prevent you from hitting the salamander.
You hit the salamander.
The air gets thick with the scent of sulphur.
The hell hound breathes flames at you.
The blast of flame hits the salamander.
The salamander completely resists.
The blast of flame hits you but does no damage.
The salamander hits you.
You are engulfed in flames!
The salamander hits you but does no damage.
Your shield and plate armour prevent you from hitting the salamander.
You slash the salamander!
Your plate armour prevents you from hitting the salamander.
The salamander hits you with a +0 trident.
* * * LOW HITPOINT WARNING * * *
You are engulfed in flames!
* * * LOW HITPOINT WARNING * * *
The salamander hits you from afar with a +4 halberd.
* * * LOW HITPOINT WARNING * * *
You are engulfed in flames!
* * * LOW HITPOINT WARNING * * *
The salamander hits you but does no damage.
The salamander hits you.
* * * LOW HITPOINT WARNING * * *
You are engulfed in flames!
* * * LOW HITPOINT WARNING * * *
You swap places.
Your wight hits the salamander with a +3 mace!
You block the salamander's attack.
The salamander wields a +0 shortbow of flaming.
It bursts into flame!
The salamander shoots an arrow.
The arrow hits your wight!! The arrow burns your wight.
Your wight is destroyed!
There is an open door, spattered with blood here.
Things that are here:
an arrow; a +0 giant club of flaming x2
The salamander wields a +0 shortbow of flaming.
It bursts into flame!
The salamander shoots an arrow.
The arrow completely misses you.
You see here 2 arrows.
In the distance, the volcano erupts with a roar.
You are engulfed in blazing flames.
* * * LOW HITPOINT WARNING * * *
You are engulfed in blazing flames.
You die...
Your body rises from the dead as a mindless zombie.

§§≈≈§§
§≈≈≈≈§§
≈≈.≈≈§
#....
####...
##@##..#
#∩#○#..#
#∩#○#N.#
###°#..##
##NN..#
##........
≈..≈..≈.≈
≈≈≈.≈≈≈.≈.
≈≈≈≈≈≈≈≈≈≈≈


You could see a salamander.

Vanquished Creatures
  Erica (D:10)
  4 death yaks
  2 two-headed ogres
  Sonja (D:9)
  An unseen horror (D:11)
  An orc knight (Bailey)
  A cyclops (D:11)
  Joseph (D:9)
  A komodo dragon (Lair:1)
  2 trolls
  A hornet (D:8)
  3 blink frogs
  A hippogriff (shapeshifter) (D:9)
  17 yaks
  2 wyverns (D:10)
  A spriggan (D:7)
  A hungry ghost (D:9)
  Eustachio (D:6)
  A fire bat (Volcano)
  2 chaos spawn (D:9)
  3 water moccasins
  A hell hound (Volcano)
  A porcupine (Lair:1)
  5 orc warriors
  2 phantoms
  An ice beast (D:7)
  A necrophage (D:7)
  9 centaurs
  2 crocodiles (Lair:1)
  6 ogres
  13 bullfrogs
  A scorpion (D:11)
  2 water moccasin skeletons
  14 killer bees
  3 howler monkeys (D:11)
  7 wights
  3 bullfrog zombies
  A crimson imp (D:6)
  5 jellies
  2 gnoll shamans
  4 hounds
  7 orc priests
  11 orc wizards
  A bullfrog skeleton (D:7)
  6 iguanas
  8 worker ants
  3 hound skeletons
  9 adders
  24 gnolls
  An ooze (D:2)
  An adder skeleton (D:8)
  4 worms
  2 dart slugs
  3 leopard geckos
  36 orcs
  6 giant cockroaches
  2 goblins
  15 hobgoblins
  12 jackals
  9 quokkas
  2 ball python skeletons (D:5)
  3 bats
  3 frilled lizards
  19 kobolds
  9 rats
  2 fungi
329 creatures vanquished.

Vanquished Creatures (collateral kills)
  Gastronok (D:10)
  Fannar (Lair:1)
  2 death yaks (D:11)
  A two-headed ogre (D:11)
  An ugly thing (D:11)
  2 komodo dragons
  3 blink frogs
  4 yaks
  2 hell hounds (Lair:2)
  2 water moccasins
  An orc warrior (D:9)
  2 centaurs
  A crocodile (D:11)
  3 bullfrogs
  A gnoll sergeant (D:11)
  A killer bee (D:11)
  A wight (D:10)
  A quasit (D:11)
  A hound (D:11)
  A worker ant (D:11)
  4 gnolls (D:11)
  A leopard gecko (D:10)
  An orc (D:10)
  A fungus (Lair:1)
  3 plants (Lair:2)
42 creatures vanquished.

Vanquished Creatures (others)
  A death yak zombie (D:11)
  A flying skull (Lair:1)
  5 yak zombies
  A wight (Volcano)
  A centaur skeleton (D:10)
  4 killer bee zombies (D:11)
  A worker ant zombie (D:11)
  A gnoll (Bailey)
  An adder zombie (D:10)
  3 gnoll zombies (D:11)
  A leopard gecko zombie (D:9)
  An orc zombie (D:9)
  A fungus (D:8)
  6 plants (D:7)
  4 toadstools (D:8)
32 creatures vanquished.

Grand Total: 403 creatures vanquished

Notes
Turn   | Place    | Note
-------+----------+-------------------------------------------
     0 | D:1      | vurker the Hill Orc Fighter began the quest for the Orb.
     0 | D:1      | Reached XP level 1. HP: 19/19 MP: 1/1
   126 | D:1      | Reached skill level 3 in Axes
   329 | D:1      | Reached XP level 2. HP: 27/27 MP: 2/2
  1068 | D:2      | Reached XP level 3. HP: 22/33 MP: 3/3
  1190 | D:2      | Reached skill level 4 in Axes
  1561 | D:2      | Reached XP level 4. HP: 31/41 MP: 4/4
  1975 | D:3      | Reached skill level 5 in Axes
  2016 | D:3      | Reached XP level 5. HP: 32/47 MP: 5/5
  2252 | D:3      | Found a deep blue altar of Sif Muna.
  2663 | D:3      | Reached skill level 6 in Axes
  2725 | D:4      | Reached XP level 6. HP: 55/55 MP: 6/6
  2746 | D:4      | Reached skill level 5 in Fighting
  3319 | D:4      | Reached skill level 7 in Axes
  3475 | D:4      | Reached skill level 5 in Armour
  3475 | D:4      | Reached XP level 7. HP: 49/61 MP: 7/7
  3591 | D:4      | Found Tanieleg's Antique Weapon Emporium.
  3606 | D:4      | Noticed a moth of wrath
  3609 | D:4      | Found a bloodstained altar of Trog.
  3752 | D:5      | Entered Level 5 of the Dungeon
  3948 | D:5      | Reached skill level 8 in Axes
  4302 | D:5      | Reached skill level 9 in Axes
  4302 | D:5      | Reached XP level 8. HP: 50/71 MP: 8/8
  4952 | D:4      | Reached skill level 10 in Axes
  5335 | D:6      | Found a staircase to the Ecumenical Temple.
  5351 | D:6      | Noticed Eustachio
  5353 | Temple   | Entered the Ecumenical Temple
  5776 | D:6      | Killed Eustachio
  5776 | D:6      | Reached skill level 11 in Axes
  5786 | D:6      | Reached XP level 9. HP: 66/81 MP: 9/9
  5948 | D:6      | Reached skill level 12 in Axes
  6745 | D:7      | Reached skill level 13 in Axes
  7153 | D:7      | Found a transporter.
  7159 | D:7      | Found a transporter.
  7163 | D:7      | Noticed Raffles's ghost (novice TrEE)
  7182 | D:7      | Identified the ring "Zytafy" {+Inv MR+ Int+5}
  7397 | D:7      | Found a blossoming altar of Fedhas.
  7397 | D:7      | Found a burning altar of Makhleb.
  7641 | D:8      | Reached XP level 10. HP: 93/93 MP: 10/10
  7646 | D:8      | Reached skill level 10 in Fighting
  7648 | D:8      | Reached skill level 14 in Axes
  7785 | D:8      | Found a sparkling altar of Nemelex Xobeh.
  7845 | D:8      | Noticed a two-headed ogre
  7857 | D:8      | Killed a two-headed ogre
  8345 | D:7      | Found a basalt altar of Yredelemnul.
  8355 | D:7      | Became a worshipper of Yredelemnul the Dark
  8376 | D:9      | Noticed Joseph
  8394 | D:9      | Killed Joseph
  8394 | D:9      | Reached skill level 1 in Invocations
  8459 | D:9      | Found a flagged portal.
  8469 | Bailey   | Entered a bailey
  8806 | Bailey   | Noticed an orc knight
  8833 | Bailey   | Reached * piety under Yredelemnul
  8876 | Bailey   | Reached skill level 15 in Axes
  8907 | Bailey   | Killed an orc knight
  9649 | D:9      | Found a shimmering altar of Xom.
  9650 | D:9      | Found the +7 mace of Variability {chain chaos}
  9812 | D:9      | Reached ** piety under Yredelemnul
  9857 | D:9      | Found a runed translucent gate.
  9857 | D:9      | Found a runed translucent gate.
  9857 | D:9      | Found a runed translucent gate.
  9860 | D:9      | Noticed Hylith's ghost (journeyman TrFi)
  9863 | D:9      | Found a roughly hewn altar of Beogh.
  9864 | D:9      | Identified the cursed +0 rapier of Brutal Revenge
                  | {antimagic, *Slow Str+6 Dex+4}
  9920 | D:9      | Reached XP level 11. HP: 101/102 MP: 14/14
 10321 | D:9      | Identified 2 scrolls of acquirement
 10326 | D:9      | Found the +8 storm bow {elec, penet}
 10353 | D:10     | Entered Level 10 of the Dungeon
 10378 | D:9      | Reached skill level 16 in Axes
 10381 | D:9      | Reached skill level 5 in Invocations
 10587 | D:10     | Noticed Sonja
 10634 | D:9      | Killed Sonja
 10889 | D:10     | Reached *** piety under Yredelemnul
 10918 | D:10     | Noticed Gastronok
 10950 | D:10     | Killed Gastronok
 11046 | D:10     | Noticed Erica
 11075 | D:10     | Killed Erica
 11075 | D:10     | Reached skill level 17 in Axes
 11928 | D:11     | Reached XP level 12. HP: 76/113 MP: 17/17
 12066 | D:11     | Found a staircase to the Lair.
 12069 | D:11     | Noticed a death yak
 12069 | D:11     | Noticed a death yak
 12069 | D:11     | Noticed a death yak
 12069 | D:11     | Noticed a death yak
 12119 | D:10     | Killed a death yak
 12392 | D:11     | Killed a death yak
 12797 | D:11     | Killed a death yak
 12930 | D:11     | Noticed a two-headed ogre
 12938 | D:11     | Killed a two-headed ogre
 12938 | D:11     | Reached skill level 18 in Axes
 12946 | D:11     | Noticed a death yak
 12947 | D:11     | Noticed a death yak
 12966 | D:11     | Killed a death yak
 12985 | D:11     | Killed a death yak
 13007 | D:11     | Killed a death yak
 13712 | D:11     | Reached **** piety under Yredelemnul
 13900 | D:11     | Found a staircase to the Orcish Mines.
 14071 | Lair:1   | Entered Level 1 of the Lair of Beasts
 14219 | Lair:1   | Received a gift from Yredelemnul (3 flying skulls)
 14644 | Lair:1   | Received a gift from Yredelemnul (4 flying skulls)
 14660 | Lair:1   | Reached skill level 5 in Shields
 14838 | Lair:1   | Noticed Fannar
 14845 | Lair:1   | Killed Fannar
 15146 | Lair:2   | Found a dark tunnel.
 15162 | Volcano  | Entered a volcano
 15173 | Volcano  | Noticed a two-headed ogre
 15181 | Volcano  | Killed a two-headed ogre
 15181 | Volcano  | Reached skill level 10 in Invocations
 15181 | Volcano  | Received a gift from Yredelemnul (a wight)
 15188 | Volcano  | Reached XP level 13. HP: 99/122 MP: 20/20
 15196 | Volcano  | Engulfed by a cloud of flame

Levels and vault maps discovered:
D:1:      tarquinn_simple_flora_water_d, layout_basic, minivault_14,
          minmay_tetromino_t2
D:2:      layout_basic
D:3:      layout_basic, lemuel_blue_sif_altar
D:4:      layout_basic, tgw_trog, serial_shops, kennysheep_mini, first_ration
D:5:      layout_loops_ring
D:6:      layout_rooms, minmay_temple_entry_mini_moons, uniq_eustachio
D:7:      layout_loops_ring, nicolae_overflow_hidden_temple,
          gammafunk_ghost_gnarly_gnolls, the_bakery
D:8:      layout_rooms, nemelex_altar_shiori, minmay_gold_behind_fungi,
          minmay_holes, serial_bayou_lagoon_a, wad_floor_pattern_untrapped
D:9:      layout_roguey, biasface_ghost_orc_armoury, enter_bailey_2,
          minmay_guarded_unrand_variability, uniq_joseph
D:10:     layout_cave_pools, uniq_gastronok, uniq_sonja, uniq_erica
D:11:     minmay_razor_zed, layout_irregular_city, dpeg_lair_monsters,
          orc_0_dummy
Temple:   nicolae_temple_elliptical
Lair:1:   layout_cave_pods, uniq_fannar
Lair:2:   layout_loops_ring, enter_volcano_3, forest_entry_grove,
          serial_bayou_shore_a
Volcano:  volcano_village

Skill      XL: |  1  2  3  4  5  6  7  8  9 10 11 12 |
---------------+-------------------------------------+-----
Axes           | 3 4 5 6 7 9 11 13 15 17 18 | 18.0
Fighting       | 4 5 6 8 9 11 12 13 | 13.5
Armour         | 4 5 6 |  6.9
Invocations    | 4 7 10 | 10.1
Shields        | 5 |  5.7

Action                   |  1- 3 |  4- 6 |  7- 9 | 10-12 | 13-15 || total
-------------------------+-------+-------+-------+-------+-------++-------
Melee: War axe           |    99 |   231 |   366 |   688 |     3 ||  1387
Invok: Animate Remains   |       |       |       |    10 |       ||    10
       Animate Dead      |       |       |       |    16 |       ||    16
       Recall Undead Sla |       |       |       |     1 |       ||     1
Evoke: Wand              |       |       |       |     6 |       ||     6
  Use: Scroll            |       |       |    12 |    10 |       ||    22
       Potion            |       |       |     3 |     8 |       ||    11
 Stab: Invisible         |       |       |       |     5 |       ||     5
       Distracted        |       |       |       |     5 |       ||     5
  Eat: Chunk             |     2 |     7 |    10 |     9 |       ||    28
       Ration            |       |       |     1 |     9 |       ||    10
Armor: Scale mail        |     6 |       |       |       |       ||     6
       Plate armour      |    58 |   174 |   181 |   301 |     6 ||   720
       Skin              |       |       |     8 |    15 |       ||    23
Dodge: Dodged            |    15 |    38 |    47 |    95 |     2 ||   197
       Deflected         |       |       |       |     5 |       ||     5
Block: Shield            |    50 |   121 |   141 |   265 |     2 ||   579

Table legend:
 A = Non-vault XP
 B = Vault XP
 C = Vault XP percentage of total XP
 D = Non-vault monster count
 E = Vault monster count
 F = Vault count percentage of total count
                 A         B        C        D         E       F
            +---------+---------+-------+---------+---------+-------
      Total |   18263 |   13721 |  42.9 |     292 |      73 |  20.0
            +---------+---------+-------+---------+---------+-------
        D:1 |      13 |       5 |  27.8 |       9 |       2 |  18.2
        D:2 |     107 |       0 |   0.0 |      18 |       0 |   0.0
        D:3 |     116 |       0 |   0.0 |      25 |       0 |   0.0
        D:4 |     764 |       5 |   0.7 |      32 |       5 |  13.5
        D:5 |     855 |       0 |   0.0 |      24 |       0 |   0.0
        D:6 |    1086 |     202 |  15.7 |      19 |       1 |   5.0
        D:7 |    1249 |     215 |  14.7 |      26 |       1 |   3.7
        D:8 |    1802 |       0 |   0.0 |      14 |       0 |   0.0
        D:9 |    2950 |    1587 |  35.0 |      39 |       4 |   9.3
       D:10 |    2550 |    3040 |  54.4 |      31 |       3 |   8.8
       D:11 |    3316 |    5727 |  63.3 |      31 |      17 |  35.4
     Lair:1 |    2365 |     542 |  18.6 |      16 |       1 |   5.9
     Lair:2 |    1090 |     197 |  15.3 |       8 |       2 |  20.0
     Bailey |       0 |     849 | 100.0 |       0 |      33 | 100.0
    Volcano |       0 |    1352 | 100.0 |       0 |       4 | 100.0
            +---------+---------+-------+---------+---------+-------
